 Dungeon Crawl Stone Soup version 0.30-a0-760-g5a9884bb7c (webtiles) character file.

Game seed: 8349411587490524656

627 Dittersdorf the Covered (level 7, 0/44 HPs)
             Began as a Gargoyle Fighter on Feb 10, 2023.
             Slain by a two-headed ogre
             ... wielding a +0 giant club
              (10 damage)
             ... on level 5 of the Dungeon.
             The game lasted 00:06:07 (4517 turns).

Dittersdorf the Covered (Gargoyle Fighter)          Turns: 4517, Time: 00:06:08

Health: 0/44       AC: 17    Str: 28    XL:     7   Next: 47%
Magic:  7/7        EV:  8    Int:  8    God:
Gold:   229        SH:  5    Dex:  9    Spells: 6/6 levels left

rFire   + . .      SeeInvis .    a - +0 flail
rCold   . . .      Faith    .    c - +1 buckler
rNeg    + . .      Spirit   .    n - +0 chain mail
rPois   ∞          Reflect  .    i - +0 helmet
rElec   +          Harm     .    s - +0 cloak
rCorr   .          Rampage  .    (no gloves)
Will    .....                    (no boots) Stlth
                                 (no amulet)
HPRegen 0.27/turn                h - +6 ring of strength
MPRegen 0.10/turn                k - ring of protection from fire

@: no status effects
A: sickness immunity, AC +4, negative energy resistance 1, electricity
resistance, torment resistance 1, petrification resistance
a: no special abilities


You were on level 5 of the Dungeon.
You visited 1 branch of the dungeon, and saw 5 of its levels.
You also visited: Sewer.

You collected 229 gold pieces.

Inventory:

Hand Weapons
 a - a +0 flail (weapon)
Missiles
 g - 7 poisoned darts (quivered)
Armour
 c - a +1 buckler (worn)
 i - a +0 helmet (worn)
 n - a +0 chain mail (worn)
 s - a +0 cloak (worn)
Jewellery
 h - a +6 ring of strength (left hand)
 k - a ring of protection from fire (right hand)
Wands
 e - a wand of roots (6)
Scrolls
 j - a scroll of summoning {unknown}
Potions
 b - a potion of berserk rage
 d - a potion of might
 f - a potion of mutation {unknown}
 l - 5 potions of curing
 m - a potion of cancellation
 o - a potion of resistance
 p - a potion of degeneration {unknown}
 q - a potion of heal wounds


   Skills:
 + Level 5.3 Fighting
 + Level 4.3 Maces & Flails
 + Level 5.4 Armour
 + Level 5.3 Shields


You had 6 spell levels left.
You didn't know any spells.
Your spell library contained the following spells:

 Spells                   Type           Power      Damage    Failure   Level
 Kiss of Death            Conj/Necr      0%         2d5       96%         1
 Shock                    Conj/Air       0%         1d3       96%         1
 Ensorcelled Hibernation  Hex/Ice        0%         N/A       99%         2
 Passwall                 Tmut/Erth      0%         N/A       99%         2
 Confusing Touch          Hex            0%         N/A       100%        3
 Portal Projectile        Hex/Tloc       0%         N/A       100%        3
 Swiftness                Air            0%         N/A       100%        3
 Tukima's Dance           Hex            0%         N/A       100%        3
 Airstrike                Air            0%         2d(0-16)  100%        4
 Dispel Undead            Necr           0%         3d6       100%        4
 Blade Hands              Tmut           0%         N/A       100%        5
 Summon Forest            Summ/Tloc      0%         N/A       100%        5
 Summon Mana Viper        Hex/Summ       0%         N/A       100%        5
 Summon Cactus Giant      Summ           0%         N/A       100%        6


Dungeon Overview and Level Annotations

Branches:
Dungeon (5/15)              Sewer (visited)
 Temple: D:4-7

Altars:
Dithmenos
Nemelex Xobeh
Xom

Shops:
D:1 !


Innate Abilities, Weirdness & Mutations

You are immune to sickness and miasma.
Your stone body is resilient. (AC +4)
You are immune to poison.
You resist negative energy. (rN+)
You are resistant to electric shocks. (rElec)
You are resistant to unholy torment.
You are immune to petrification.


Message History

You kill the hound!
Throw: 10 darts (poison)
Press: ? - help, Q - select action, (/) - cycle Shift-Dir - straight line, f - two-headed ogre
Aim: a two-headed ogre, wielding two +0 giant clubs (72% to hit)
You throw a poisoned dart.
The poisoned dart hits the two-headed ogre.
Throw: 9 darts (poison)
Press: ? - help, Q - select action, (/) - cycle Shift-Dir - straight line, f/p - two-headed ogre
Aim: a two-headed ogre, wielding two +0 giant clubs (72% to hit)
You throw a poisoned dart.
The poisoned dart hits the two-headed ogre.
The two-headed ogre is poisoned.
Throw: 8 darts (poison)
Press: ? - help, Q - select action, (/) - cycle Shift-Dir - straight line, f/p - two-headed ogre
Aim: a two-headed ogre, wielding two +0 giant clubs (poisoned, 72% to hit)
You throw a poisoned dart.
The poisoned dart hits the two-headed ogre.
The two-headed ogre looks even sicker.
The two-headed ogre hits you with a +0 giant club!
The two-headed ogre hits you but does no damage.
You closely miss the two-headed ogre. The two-headed ogre barely misses you.
The two-headed ogre hits you with a +0 giant club.
You hit the two-headed ogre.
The two-headed ogre is lightly wounded.
You block the two-headed ogre's attack.
The two-headed ogre hits you with a +0 giant club!
You sock the two-headed ogre!
The two-headed ogre is lightly wounded.
You sock the two-headed ogre!
The two-headed ogre is heavily wounded.
The two-headed ogre hits you but does no damage. x2
You barely miss the two-headed ogre.
The two-headed ogre is heavily wounded.
The two-headed ogre hits you with a +0 giant club.
The two-headed ogre hits you with a +0 giant club!
* * * LOW HITPOINT WARNING * * *
You hit the two-headed ogre.
The two-headed ogre is severely wounded.
The two-headed ogre hits you with a +0 giant club!
You die...

#.# # #.#
#.# #.# #O#
#.# #.#
#######.#
#...@O(.#
#.########..
######## #.#
#.. ..##.<..
#.# #.#
#.##.##† #.#
#.# #)##.##.
#.# #.#
#.##.##. #.#
#.# #.##.##.
#.# #.#
#.##.##. #.#
#.###.##[##.


You could see a two-headed ogre (poisoned).

Vanquished Creatures
  An ice beast (D:5)
  Pargi (Sewer)
  A black bear (D:5)
  A jelly (D:5)
  An orc priest (D:1)
  3 hounds
  Ijyb (D:4)
  An iguana (D:4)
  Robin (D:4)
  4 adders
  An ufetubus (D:4)
  2 worms (D:3)
  2 dart slugs
  5 orcs
  3 ball pythons
  10 endoplasms
  5 giant cockroaches
  9 goblins
  9 hobgoblins
  6 kobolds
  5 quokkas
  8 bats
  A frilled lizard (D:1)
  4 rats
85 creatures vanquished.

Notes
Turn   | Place    | Note
-------+----------+-------------------------------------------
     0 | D:1      | Dittersdorf the Gargoyle Fighter began the quest for the
                  | Orb.
     0 | D:1      | Reached XP level 1. HP: 14/14 MP: 1/1
    20 | D:1      | Found a faded altar of an unknown god.
    95 | D:1      | Reached XP level 2. HP: 14/19 MP: 2/2
   155 | D:1      | Found Seoheifo's Distillery.
  1028 | D:1      | Reached XP level 3. HP: 8/24 MP: 3/3
  1179 | D:2      | Reached XP level 4. HP: 29/29 MP: 4/4
  1189 | D:2      | Found a shimmering altar of Xom.
  2577 | D:3      | Reached XP level 5. HP: 28/33 MP: 5/5
  3190 | D:4      | Found a glowing drain.
  3216 | Sewer    | Entered a sewer
  3256 | Sewer    | Noticed Pargi
  3280 | Sewer    | Killed Pargi
  3281 | Sewer    | Reached XP level 6. HP: 20/39 MP: 6/6
  3458 | D:4      | Noticed Robin
  3458 | D:4      | Noticed Ijyb
  3605 | D:4      | Killed Ijyb
  3677 | D:4      | Killed Robin
  3746 | D:4      | Found a sparkling altar of Nemelex Xobeh.
  3752 | D:4      | Found a shadowy altar of Dithmenos.
  3797 | D:4      | Identified the +1 ring mail of Oblivion {Str-5 Int+6}
  3939 | D:4      | Reached skill level 5 in Armour
  4205 | D:5      | Entered Level 5 of the Dungeon
  4209 | D:5      | Noticed a black bear
  4217 | D:5      | Killed a black bear
  4218 | D:5      | Reached skill level 5 in Fighting
  4218 | D:5      | Reached skill level 5 in Shields
  4218 | D:5      | Reached XP level 7. HP: 35/44 MP: 7/7
  4490 | D:5      | Noticed a two-headed ogre
  4517 | D:5      | Slain by a two-headed ogre

Illustrated notes

Levels and vault maps discovered:
D:1:      psy_arrival_statuary, layout_basic,
          shapermc_ecumenical_altar_acropolis, serial_shops,
          nicolae_diamond_shop, amethyst_killhole, minmay_misc_feat_five
D:2:      layout_basic, basic_altar, serial_forest,
          infiniplex_forest_clump_cross, infiniplex_forest_lined_2,
          infiniplex_forest_straight_3, infiniplex_forest_straight_1,
          hangedman_decor_clover_reticule
D:3:      layout_loops_ring, due_unseen_surprise
D:4:      layout_basic, minitemple, gup_sewer_entry_pipe, nicolae_goblin_pals,
          uniq_robin
D:5:      layout_loops_ring, kennysheep_okawaru_gauntlet,
          minmay_temple_entry_glass

Skill      XL: |  1  2  3  4  5  6 |
---------------+-------------------+-----
Armour         | 4 5 |  5.4
Shields        | 4 5 |  5.3
Fighting       | 4 5 |  5.3
Maces & Flails | 3 4 |  4.3

Action                     |  1- 3 |  4- 6 |  7- 9 || total
---------------------------+-------+-------+-------++-------
  Melee: Flail             |    75 |   246 |    30 ||   351
  Throw: Dart              |       |     8 |     3 ||    11
    Use: Scroll            |       |    11 |       ||    11
 Armour: Scale mail        |    38 |    30 |       ||    68
         Chain mail        |       |   227 |    26 ||   253
  Dodge: Dodged            |    25 |   166 |    11 ||   202
  Block: Buckler           |    19 |   113 |     9 ||   141

Table legend: (Time is in decaauts)
 A = Elapsed time spent in this place.
 B = Non-inter-level travel time spent in this place.
 C = Inter-level travel time spent in this place.
 D = Time resting spent in this place.
 E = Time spent auto-exploring this place.
 F = Levels seen in this place.
 G = Mean time per level.
                   A        B        C        D        E       F      G
               +--------+--------+--------+--------+--------+-----+--------+
         Total |   4635 |   4468 |    167 |    659 |   2793 |   6 |  772.5 |
       Dungeon |   4439 |   4272 |    167 |    587 |   2742 |   5 |  887.8 |
         Sewer |    196 |    196 |      0 |     72 |     51 |   1 |  196.0 |
               +--------+--------+--------+--------+--------+-----+--------+

Top non-repeatable levels by time:
     D:2: 1145 daAuts
     D:3: 1061 daAuts
     D:1: 1061 daAuts
     D:4: 851 daAuts
     D:5: 319 daAuts
   Sewer: 196 daAuts
